 Dungeon Crawl Stone Soup version 0.29.1-15-g9cfb28693d (webtiles) character file.

Game seed: 7469207474604674019

6965 Renzlar the Blocker (level 11, -2/89 HPs)
             Began as a Gnoll Fighter on Mar 2, 2023.
             Was an Elder of Okawaru.
             Slain by an eight-headed hydra (6 damage)
             ... on level 9 of the Dungeon.
             The game lasted 00:41:32 (10750 turns).

Renzlar the Blocker (Gnoll Fighter)                Turns: 10750, Time: 00:41:33

Health: -2/89      AC: 25    Str: 18    XL:     11   Next: 7%
Magic:  20/20      EV: 12    Int:  7    God:    Okawaru [****..]
Gold:   499        SH:  6    Dex: 14    Spells: 20/22 levels left

rFire   . . .      SeeInvis .   x - +2 morningstar (protect)
rCold   . . .      Faith    .   q - +0 buckler
rNeg    . . .      Spirit   .   C - +1 scale mail
rPois   .          Reflect  .   I - +1 hat {Will+}
rElec   .          Harm     .   F - +1 cloak
rCorr   .          Rampage  .   (no gloves)
Will    +....                   h - +0 pair of boots
Stlth   ++........              (no amulet)
HPRegen 0.24/turn               D - +4 ring of protection
MPRegen 0.17/turn               (no ring)

@: mighty, under a protective aura
A: fangs 1, strong nose, distributed training
a: Renounce Religion, Heroism, Finesse


You were on level 9 of the Dungeon.
You worshipped Okawaru.
Okawaru was greatly pleased with you.
You visited 2 branches of the dungeon, and saw 10 of its levels.

You collected 499 gold pieces.

Inventory:

Hand Weapons
 a - a +1 war axe
 b - a +6 scimitar
 c - a +0 sling
 l - a +0 dagger of venom
 x - a +2 morningstar of protection (weapon)
Missiles
 f - 32 poisoned darts (quivered)
 r - a throwing net
 G - 2 curare-tipped darts
Armour
 h - a +0 pair of boots (worn)
 q - a +0 buckler (worn)
 s - a +0 chain mail of cold resistance
 C - a +1 scale mail (worn)
 F - a +1 cloak (worn)
 I - a +1 hat of willpower (worn)
Jewellery
 D - a +4 ring of protection (left hand)
 H - a ring of ice
 J - an amulet of magic regeneration
Wands
 y - a wand of flame (26)
Scrolls
 d - a scroll of amnesia
 u - 3 scrolls of immolation
 B - 3 scrolls of teleportation
Potions
 e - a potion of magic
 g - 4 potions of curing
 i - a potion of mutation
 j - a potion of cancellation
 n - 2 potions of lignification {unknown}
 p - a potion of invisibility
 v - 2 potions of flight
 w - a potion of brilliance {unknown}
 z - a potion of resistance {unknown}
 A - a potion of ambrosia {unknown}
 E - a potion of might


   Skills:
 + Level 9.1 Fighting
 + Level 6.1 Short Blades
 + Level 6.1 Long Blades
 + Level 7.7 Axes
 + Level 6.1 Maces & Flails
 + Level 6.1 Polearms
 + Level 6.1 Staves
 + Level 6.1 Ranged Weapons
 + Level 6.1 Throwing
 + Level 9.1 Armour
 + Level 6.1 Dodging
 + Level 6.1 Stealth
 + Level 9.1 Shields
 + Level 6.1 Unarmed Combat
 + Level 6.1 Spellcasting
 + Level 5.1 Conjurations
 + Level 5.1 Hexes
 + Level 5.1 Summonings
 + Level 5.1 Necromancy
 + Level 5.1 Translocations
 + Level 5.1 Transmutations
 + Level 5.1 Fire Magic
 + Level 5.1 Ice Magic
 + Level 5.1 Air Magic
 + Level 5.1 Earth Magic
 + Level 5.1 Poison Magic
 + Level 6.7 Invocations
 + Level 6.1 Evocations


You had 20 spell levels left.
You knew the following spells:

 Your Spells              Type           Power      Damage    Failure   Level
a - Wereblood             Tmut           9%         N/A       16%         2

Your spell library contained the following spells:

 Spells                   Type           Power      Damage    Failure   Level
 Shock                    Conj/Air       36%        1d5       10%         1
 Ensorcelled Hibernation  Hex/Ice        18%        N/A       16%         2
 Passwall                 Tmut/Erth      7%         N/A       16%         2
 Sublimation of Blood     Necr           9%         N/A       16%         2
 Ozocubu's Armour         Ice            9%         N/A       30%         3
 Portal Projectile        Hex/Tloc       18%        N/A       30%         3
 Swiftness                Air            9%         N/A       30%         3
 Airstrike                Air            4%         2d(1-17)  69%         4
 Blade Hands              Tmut           4%         N/A       95%         5
 Irradiate                Conj/Tmut      4%         3d13      95%         5
 Dragon Form              Tmut           4%         N/A       100%        7
 Ozocubu's Refrigeration  Ice            4%         4d8       100%        7
 Tukima's Dance           Hex            Unusable   N/A       N/A         3
 Summon Hydra             Summ           Unusable   N/A       N/A         7

Dungeon Overview and Level Annotations

Branches:
Dungeon (9/15)             Temple (1/1) D:5
   Lair: D:8-11         Orc: D:9-12

Altars:
Ashenzari
Fedhas
Gozag
Hepliaklqana
Kikubaaqudgha
Makhleb
Nemelex Xobeh
Okawaru
Qazlal
Ru
Sif Muna
Trog
Uskayaw
Vehumet
Xom
Yredelemnul
The Shining One

Shops:
D:5 [   D:6 !


Innate Abilities, Weirdness & Mutations

You have very sharp teeth.
Your uncanny sense of smell can sniff out nearby items.
Your experience applies equally to all skills.


Message History

The eight-headed hydra bites you.
* * * LOW HITPOINT WARNING * * *
The eight-headed hydra barely misses you.
The eight-headed hydra bites you.
* * * LOW HITPOINT WARNING * * *
The eight-headed hydra closely misses you.
The eight-headed hydra bites you but does no damage.
Unknown command.
You barely miss the eight-headed hydra. You bite the eight-headed hydra.
The eight-headed hydra is moderately wounded.
The howler monkey hits you but does no damage.
You block the eight-headed hydra's attack.
The eight-headed hydra bites you but does no damage.
The eight-headed hydra bites you.
* * * LOW HITPOINT WARNING * * *
You block the eight-headed hydra's attack.
The eight-headed hydra bites you but does no damage. x2
The eight-headed hydra barely misses you.
The eight-headed hydra bites you but does no damage.
Unknown command.
You barely miss the eight-headed hydra.
The eight-headed hydra is moderately wounded.
You block the howler monkey's attack.
The eight-headed hydra bites you but does no damage. x2
You block the eight-headed hydra's attack.
The eight-headed hydra barely misses you.
The eight-headed hydra bites you but does no damage. x2
You block the eight-headed hydra's attack.
The eight-headed hydra bites you but does no damage.
The howler monkey hoots and howls with incredible vigour!
You hear a loud, deep croak!
Unknown command.
You sock the eight-headed hydra!
The eight-headed hydra is moderately wounded.
The eight-headed hydra bites you.
* * * LOW HITPOINT WARNING * * *
The eight-headed hydra bites you but does no damage.
The eight-headed hydra barely misses you.
The eight-headed hydra bites you.
You die...

#...##.#.#.##.# #....#
#...##.###[[(.# #....#
#...##....[#### #....#
#...#####.####### # # #....#
#...#.#.#.#.#.#.#.#.# #....#
#...##.......##.#... #...>.
#...#..###.⌠..#...###.. #.....
####...## #.#...##o#.!...# #.....
....<..# #.##.@Dhz.# #.....
.......##...#.#h###.## #.....
.......#..⌠. ##.. ## ∆ #.....
.......##... ..## #.....
.......#.#.# #.#. #.....
.......#####################.....
.................................
#########.#.#####...........####.
#...# #.........### ##


You could see an eight-headed hydra, an orc warrior, 2 howler monkeys and a
wight.

Vanquished Creatures
  A hydra (D:9)
  The ghost of Thatpatchoflichen the Trooper, a novice HuGl of Ru (D:5)
  Sigmund (D:4)
  A yak (D:9)
  2 wyverns (D:9)
  2 steam dragons
  A vampire mosquito (D:9)
  Edmund (D:6)
  2 acid dragons (D:9)
  2 water moccasins
  Pargi (D:4)
  3 sky beasts
  2 orc warriors
  A black bear (D:5)
  3 ice beasts
  7 centaurs
  An ogre (D:5)
  A phantom (D:6)
  5 kobold brigands
  Blork the orc (D:4)
  A bullfrog (D:5)
  A necrophage (D:7)
  A gnoll sergeant (D:9)
  2 scorpions
  14 wights
  6 killer bees
  4 howler monkeys
  A centaur zombie (D:5)
  A jelly (D:5)
  A gnoll bouda (D:9)
  3 hounds
  4 orc priests
  Ijyb (D:4)
  6 iguanas
  9 orc wizards
  A killer bee zombie (D:5)
  Robin (D:2)
  2 howler monkey skeletons (D:5)
  14 gnolls
  6 adders
  A white imp (D:5)
  3 worms
  3 dart slugs
  26 orcs
  4 ball pythons
  2 bat skeletons (D:7)
  4 bat zombies (D:7)
  3 endoplasms
  2 giant cockroaches (D:2)
  18 goblins
  6 hobgoblins
  A jackal (D:3)
  2 quokkas (D:3)
  6 bats
  5 frilled lizards
  17 kobolds
  8 rats
229 creatures vanquished.

Vanquished Creatures (others)
  An orc wizard (D:9)
  5 plants (D:3)
6 creatures vanquished.

Grand Total: 235 creatures vanquished

Notes
Turn   | Place    | Note
-------+----------+-------------------------------------------
     0 | D:1      | Renzlar the Gnoll Fighter began the quest for the Orb.
     0 | D:1      | Reached XP level 1. HP: 23/23 MP: 1/1
   283 | D:1      | Found a faded altar of an unknown god.
   293 | D:1      | Reached XP level 2. HP: 29/29 MP: 2/2
   848 | D:2      | Reached XP level 3. HP: 35/35 MP: 3/3
   906 | D:2      | Noticed Robin
   912 | D:2      | Reached skill level 1 in Invocations
   915 | D:2      | Killed Robin
   916 | D:2      | Reached skill level 1 in Short Blades
   916 | D:2      | Reached skill level 1 in Long Blades
   916 | D:2      | Reached skill level 1 in Maces & Flails
   916 | D:2      | Reached skill level 1 in Polearms
   916 | D:2      | Reached skill level 1 in Staves
   916 | D:2      | Reached skill level 1 in Ranged Weapons
   916 | D:2      | Reached skill level 1 in Throwing
   916 | D:2      | Reached skill level 1 in Dodging
   916 | D:2      | Reached skill level 1 in Stealth
   916 | D:2      | Reached skill level 1 in Unarmed Combat
   916 | D:2      | Reached skill level 1 in Spellcasting
   916 | D:2      | Reached skill level 1 in Evocations
   993 | D:2      | Reached XP level 4. HP: 37/41 MP: 5/5
  1647 | D:3      | Reached skill level 1 in Conjurations
  1647 | D:3      | Reached skill level 1 in Hexes
  1647 | D:3      | Reached skill level 1 in Summonings
  1647 | D:3      | Reached skill level 1 in Necromancy
  1647 | D:3      | Reached skill level 1 in Translocations
  1647 | D:3      | Reached skill level 1 in Transmutations
  1647 | D:3      | Reached skill level 1 in Fire Magic
  1647 | D:3      | Reached skill level 1 in Ice Magic
  1647 | D:3      | Reached skill level 1 in Air Magic
  1647 | D:3      | Reached skill level 1 in Earth Magic
  1647 | D:3      | Reached skill level 1 in Poison Magic
  1962 | D:3      | Noticed a water moccasin
  1974 | D:3      | Killed a water moccasin
  1975 | D:3      | Reached XP level 5. HP: 38/47 MP: 7/7
  2187 | D:4      | Noticed Pargi
  2194 | D:4      | Reached XP level 6. HP: 49/53 MP: 8/8
  2214 | D:4      | Killed Pargi
  2215 | D:4      | Reached skill level 5 in Axes
  2383 | D:4      | Noticed Sigmund
  2412 | D:4      | Killed Sigmund
  2413 | D:4      | Reached XP level 7. HP: 21/60 MP: 10/10
  2414 | D:4      | HP: 2/58 [wight/+5 scimitar (2)]
  3050 | D:4      | Noticed Ijyb
  3055 | D:4      | Killed Ijyb
  3056 | D:4      | Reached XP level 8. HP: 67/67 MP: 12/12
  3184 | D:4      | Noticed Blork the orc
  3192 | D:4      | Killed Blork the orc
  3296 | D:4      | Found a shimmering blue altar of Sif Muna.
  3568 | D:5      | Entered Level 5 of the Dungeon
  3599 | D:5      | You fall into a shaft and drop 3 floors!
  4055 | D:6      | Noticed Edmund
  4065 | D:6      | Killed Edmund
  4830 | D:5      | Reached XP level 9. HP: 60/73 MP: 14/14
  4831 | D:5      | Found Icsalil's Armour Shoppe.
  5026 | D:5      | Found a staircase to the Ecumenical Temple.
  5036 | Temple   | Entered the Ecumenical Temple
  5090 | Temple   | Became a worshipper of Warmaster Okawaru
  5248 | D:5      | Noticed a +0 short sword
  5249 | D:5      | Noticed a +0 falchion
  5249 | D:5      | Noticed a +0 dagger
  5256 | D:5      | Noticed a +0 dagger
  5261 | D:5      | Noticed a +0 short sword
  5266 | D:5      | Noticed a +0 spear
  5548 | D:5      | Noticed a +0 falchion
  5548 | D:5      | Noticed a +0 spear
  5566 | D:5      | Found a runed translucent gate.
  5567 | D:5      | Found a runed translucent gate.
  5567 | D:5      | Found a runed translucent gate.
  5568 | D:5      | Noticed Thatpatchoflichen's ghost (novice HuGl)
  5613 | D:5      | Killed Thatpatchoflichen's ghost
  5688 | D:5      | Found a hide-covered altar of Uskayaw.
  5804 | D:5      | Found a stormy altar of Qazlal.
  5878 | D:5      | Reached * piety under Okawaru
  5887 | D:5      | Found a shimmering altar of Xom.
  5888 | D:5      | Found a sacrificial altar of Ru.
  6020 | D:6      | Found Istahiv's Distillery.
  6031 | D:6      | Found a broken altar of Ashenzari.
  6079 | D:6      | Reached skill level 5 in Invocations
  6083 | D:6      | Learned a level 2 spell: Wereblood
  7244 | D:7      | Reached ** piety under Okawaru
  7393 | D:7      | Reached skill level 5 in Short Blades
  7393 | D:7      | Reached skill level 5 in Long Blades
  7393 | D:7      | Reached skill level 5 in Maces & Flails
  7393 | D:7      | Reached skill level 5 in Polearms
  7393 | D:7      | Reached skill level 5 in Staves
  7393 | D:7      | Reached skill level 5 in Ranged Weapons
  7393 | D:7      | Reached skill level 5 in Throwing
  7393 | D:7      | Reached skill level 5 in Dodging
  7393 | D:7      | Reached skill level 5 in Stealth
  7393 | D:7      | Reached skill level 5 in Unarmed Combat
  7393 | D:7      | Reached skill level 5 in Spellcasting
  7393 | D:7      | Reached skill level 5 in Evocations
  7393 | D:7      | Reached XP level 10. HP: 81/81 MP: 10/17
  7819 | D:7      | Found an ancient bone altar of Kikubaaqudgha.
  9518 | D:9      | Reached *** piety under Okawaru
 10082 | D:9      | Received a gift from Okawaru
 10325 | D:9      | HP: 2/82 [wyvern (11)]
 10714 | D:9      | Noticed a six-headed hydra
 10736 | D:9      | Noticed an eight-headed hydra
 10746 | D:9      | Killed a six-headed hydra
 10746 | D:9      | Reached **** piety under Okawaru
 10747 | D:9      | Reached skill level 5 in Conjurations
 10747 | D:9      | Reached skill level 5 in Hexes
 10747 | D:9      | Reached skill level 5 in Summonings
 10747 | D:9      | Reached skill level 5 in Necromancy
 10747 | D:9      | Reached skill level 5 in Translocations
 10747 | D:9      | Reached skill level 5 in Transmutations
 10747 | D:9      | Reached skill level 5 in Fire Magic
 10747 | D:9      | Reached skill level 5 in Ice Magic
 10747 | D:9      | Reached skill level 5 in Air Magic
 10747 | D:9      | Reached skill level 5 in Earth Magic
 10747 | D:9      | Reached skill level 5 in Poison Magic
 10747 | D:9      | Reached XP level 11. HP: 14/89 MP: 20/20
 10750 | D:9      | HP: 4/89 [eight-headed hydra (2)]
 10750 | D:9      | Slain by an eight-headed hydra

Illustrated notes

Levels and vault maps discovered:
D:1:      kennysheep_arrival_forest, layout_basic,
          shapermc_ecumenical_altar_venn
D:2:      layout_rooms, uniq_robin
D:3:      kennysheep_big_flooded_room, layout_rooms, serial_bayou_lagoon_a
D:4:      layout_rooms, lemuel_blue_sif_altar, kennysheep_boxes, uniq_ijyb,
          uniq_blork_the_orc, uniq_pargi, uniq_sigmund
D:5:      layout_loops_ring, nicolae_uskayaw_en_pointe,
          amethyst_overflow_temple_binary, mainiacjoe_overflow_alcove_4,
          minmay_temple_entry_waves, serial_shops, shop,
          gammafunk_ghost_necromancy, nicolae_fountain_basement, uniq_menkaure
D:6:      layout_cave_pods, overflow_temple_1_default, serial_shops,
          nicolae_stop_n_shop_2, uniq_edmund
D:7:      layout_loops_ring, kennysheep_vampire_church, st_stairs_7
D:8:      wad_pebble_path, layout_basic
D:9:      minmay_the_grid_4x2 [minmay_the_grid_pillar_ring,
          minmay_the_grid_minigrid_small_alt, minmay_the_grid_large_cup,
          minmay_the_grid_gridbox, minmay_the_grid_small_cups,
          minmay_the_grid_tiny_cups, minmay_the_grid_mess,
          minmay_the_grid_prize_four_corners_diamond_b], layout_irregular_city,
          guppyfry_early_elven_hall
Temple:   nicolae_temple_great_sept

Skill      XL: |  1  2  3  4  5  6  7  8  9 10 |
---------------+-------------------------------+-----
Invocations    | 1 2 3 4 5 6 |  6.7
Short Blades   | 1 2 3 5 6 |  6.1
Long Blades    | 1 2 3 5 6 |  6.1
Maces & Flails | 1 2 3 5 6 |  6.1
Polearms       | 1 2 3 5 6 |  6.1
Staves         | 1 2 3 5 6 |  6.1
Ranged Weapons | 1 2 3 5 6 |  6.1
Throwing       | 1 2 3 5 6 |  6.1
Dodging        | 1 2 3 5 6 |  6.1
Stealth        | 1 2 3 5 6 |  6.1
Unarmed Combat | 1 2 3 5 6 |  6.1
Spellcasting   | 1 2 3 5 6 |  6.1
Evocations     | 1 2 3 5 6 |  6.1
Conjurations   | 1 2 3 4 5 |  5.1
Hexes          | 1 2 3 4 5 |  5.1
Summonings     | 1 2 3 4 5 |  5.1
Necromancy     | 1 2 3 4 5 |  5.1
Translocations | 1 2 3 4 5 |  5.1
Transmutations | 1 2 3 4 5 |  5.1
Fire Magic     | 1 2 3 4 5 |  5.1
Ice Magic      | 1 2 3 4 5 |  5.1
Air Magic      | 1 2 3 4 5 |  5.1
Earth Magic    | 1 2 3 4 5 |  5.1
Poison Magic   | 1 2 3 4 5 |  5.1
Axes           | 5 6 7 |  7.7
Fighting       | 7 8 9 |  9.1
Armour         | 7 8 9 |  9.1
Shields        | 7 8 9 |  9.1

Action                   |  1- 3 |  4- 6 |  7- 9 | 10-12 || total
-------------------------+-------+-------+-------+-------++-------
Melee: War axe           |    91 |   118 |     3 |       ||   212
       Bite              |     9 |    16 |    25 |    34 ||    84
       Scimitar          |       |       |   266 |   225 ||   491
       Dagger            |       |       |     2 |     2 ||     4
       Morningstar       |       |       |       |    23 ||    23
 Fire: Sling             |       |     6 |   138 |    39 ||   183
Throw: Dart              |       |     6 |       |       ||     6
 Cast: Wereblood         |       |       |     2 |     6 ||     8
Invok: Heroism           |       |       |       |     3 ||     3
Evoke: Wand              |       |       |     1 |     5 ||     6
  Use: Scroll            |     2 |     7 |     9 |     4 ||    22
       Potion            |       |     1 |     1 |     5 ||     7
 Stab: Paralysed         |       |       |     2 |     1 ||     3
       Sleeping          |       |       |       |     1 ||     1
Armor: Scale mail        |    42 |    84 |   125 |   263 ||   514
Dodge: Dodged            |    27 |    55 |   117 |   236 ||   435
Block: Buckler           |    22 |    42 |    77 |   165 ||   306
